 Dungeon Crawl Stone Soup version 0.27.1-15-g792fb953b9 (webtiles) character file.

Game seed: 2164219539705999963

130 zeram the Caller (level 4, -1/39 HPs)
             Began as a Troll Summoner on Nov 18, 2021.
             Slain by Crazy Yiuf (20 damage)
             ... on level 2 of the Dungeon.
             The game lasted 00:03:43 (1548 turns).

zeram the Caller (Troll Summoner)                   Turns: 1548, Time: 00:03:43

Health: -1/39      AC:  7    Str: 16    XL:     4   Next: 90%
Magic:  2/4        EV: 10    Int: 12    God:
Gold:   114        SH:  5    Dex: 10    Spells: 2/5 levels left

rFire    . . .     SeeInvis .   (no weapon)
rCold    . . .     Faith    .   (no shield)
rNeg     . . .     Spirit   .   a - +1 robe
rPois    .         Reflect  +   f - +2 hat
rElec    .         Harm     .   (no cloak)
rCorr    .         Rampage  .   (gloves unavailable)
Will     .....                  (boots unavailable)
Stlth    +.........             i - amulet of reflection
HPRegen  1.13/turn              j - ring of flight
MPRegen  0.09/turn              (no ring)

@: flying
A: large, unfitting armour, claws 3, regeneration 1, shaggy fur 1, tough skin 1
a: no special abilities


You were on level 2 of the Dungeon.
You visited 1 branch of the dungeon, and saw 2 of its levels.

You collected 114 gold pieces.

Inventory:

Armour
 a - a +1 robe (worn)
 f - a +2 hat (worn)
Jewellery
 e - an amulet of the acrobat
 i - an amulet of reflection (around neck)
 j - a ring of flight (left claw)
Scrolls
 b - a scroll of enchant weapon
 c - a scroll of teleportation
 g - a scroll of magic mapping


   Skills:
 + Level 2.5 Dodging
 - Level 1.0 Stealth
 + Level 0.1 Shields
 - Level 1.2 Spellcasting
 + Level 4.3 Summonings


You had 2 spell levels left.
You knew the following spells:

 Your Spells              Type           Power      Damage    Failure   Level
a - Summon Small Mammal   Summ           44%        N/A       4%          1
b - Call Imp              Summ           11%        N/A       8%          2

Your spell library contained the following spells:

 Spells                   Type           Power      Damage    Failure   Level
 Call Canine Familiar     Summ           11%        N/A       16%         3
 Summon Guardian Golem    Hex/Summ       5%         N/A       36%         3
 Summon Lightning Spire   Summ/Air       5%         N/A       77%         4


Dungeon Overview and Level Annotations

Branches:
Dungeon (2/15)

Altars:

Annotations:
D:2 Crazy Yiuf


Innate Abilities, Weirdness & Mutations

You are too large for most types of armour.
You have claws for hands.
Your natural rate of healing is unusually fast.
You are covered in fur. (AC +1)
You have tough skin. (AC +1)


Message History

Natasha is almost dead.
The white imp summons a swarm of flies.
Natasha casts a spell.
The crimson imp completely misses you.
You scratch Natasha but do no damage.
Natasha is almost dead.
Natasha casts a spell at you. The magic dart hits you.
You block the crimson imp's attack.
You claw Natasha!
You kill Natasha!
Natasha yowls pathetically as she dies!
The white imp disappears in a puff of smoke!
The crimson imp disappears in a puff of smoke!
Unknown command.
HP restored.
You see here 25 sling bullets.
Crazy Yiuf shouts!
You reach down and open the door.
You aren't carrying any potions.
Okay, then.
You closely miss Crazy Yiuf.
Crazy Yiuf hits you with a +3 quarterstaff of chaos!
You barely miss Crazy Yiuf.
Crazy Yiuf hits you with a +3 quarterstaff of chaos.
Crazy Yiuf freezes you.
You scratch Crazy Yiuf.
Crazy Yiuf is lightly wounded.
Crazy Yiuf hits you with a +3 quarterstaff of chaos.
Space bends around you.
Casting: Call Imp (safe; 8% risk of failure)
Confirm with . or Enter, or press ? or * to list all spells.
A beastly little devil appears in a puff of flame.
Crazy Yiuf closely misses you.
Unknown command.
You closely miss Crazy Yiuf.
Crazy Yiuf is lightly wounded.
Crazy Yiuf hits you with a +3 quarterstaff of chaos!
You are electrocuted!!
Ouch! That really hurt!
You die...

#####...........####....######.#
................##...#### #.##
.............<.....### #..#
.........########### ##.#
.........# #.# .....##..#
#######.. .....###.# ###
###...(.... .....# ### #)..###
###....####.# ######
#...g@####......# #..
#..5##..#......## ##. ###
###.#....## ## ######## # # ###
#### ##################.# #...
#..................# #...
##.################## #...


You could see Crazy Yiuf (ally target) and a friendly crimson imp (summoned).

Vanquished Creatures
  Natasha (twice) (D:2)
  An adder (D:2)
  A dart slug (D:1)
  7 endoplasms
  2 giant cockroaches (D:1)
  5 goblins
  8 hobgoblins
  A quokka (D:1)
  2 ball pythons (D:1)
  5 bats
  3 frilled lizards
  2 kobolds
  5 rats
44 creatures vanquished.

Vanquished Creatures (collateral kills)
  Terence (D:2)
  A worm (D:2)
2 creatures vanquished.

Grand Total: 46 creatures vanquished

Notes
Turn   | Place    | Note
-------+----------+-------------------------------------------
     0 | D:1      | zeram the Troll Summoner began the quest for the Orb.
     0 | D:1      | Reached XP level 1. HP: 16/16 MP: 1/1
    37 | D:1      | Reached skill level 3 in Summonings
    37 | D:1      | Found a faded altar of an unknown god.
   124 | D:1      | Reached XP level 2. HP: 24/24 MP: 2/2
   392 | D:1      | Reached XP level 3. HP: 31/31 MP: 3/3
   855 | D:2      | Noticed Terence
   899 | D:1      | Learned a level 2 spell: Call Imp
  1103 | D:2      | Noticed Natasha
  1111 | D:2      | Killed Natasha
  1112 | D:2      | Reached skill level 4 in Summonings
  1112 | D:2      | Reached XP level 4. HP: 39/39 MP: 1/4
  1148 | D:2      | Found a runed translucent door.
  1149 | D:2      | Noticed Crazy Yiuf
  1193 | D:2      | Killed Terence
  1502 | D:2      | Noticed Natasha
  1514 | D:2      | Killed Natasha
  1548 | D:2      | Slain by Crazy Yiuf

Illustrated notes

Levels and vault maps discovered:
D:1:      ncdulo_smallfort, layout_loops_cross, basic_ecumenical_altar,
          minmay_pentomino_r4
D:2:      layout_rooms, uniq_terence, uniq_crazy_yiuf_cottage, uniq_natasha

Skill      XL: |  1  2  3 |
---------------+----------+-----
Summonings     | 3 4 |  4.3
Dodging        | 2 |  2.5
Stealth        | |  1.0
Shields        | |  0.1
Spellcasting   | |  1.2

Action                   |  1- 3 |  4- 6 || total
-------------------------+-------+-------++-------
Melee: Unarmed           |   128 |    21 ||   149
 Cast: Call Imp          |     3 |     3 ||     6
       Summon Small Mamm |     3 |       ||     3
  Use: Scroll            |     5 |       ||     5
 Stab: Sleeping          |     1 |       ||     1
Armor: Robe              |    54 |     6 ||    60
Dodge: Dodged            |    72 |     8 ||    80
Block: Other             |     7 |     4 ||    11
